 Dungeon Crawl Stone Soup version 0.31-a0-259-g771a54ca4b (webtiles) character file.

Game seed: 10570287338124302734

256 qw the Shooter (level 5, -1/45 HPs)
             Began as a Minotaur Hexslinger on July 13, 2023.
             Slain by a water moccasin (8 damage)
             ... on level 4 of the Dungeon.
             The game lasted 00:01:02 (2646 turns).

qw the Shooter (Minotaur Hexslinger)                Turns: 2646, Time: 00:01:03

Health: -1/45      AC:  4    Str: 16    XL:     5   Next: 92%
Magic:  5/5        EV: 12    Int:  9    God:
Gold:   163        SH:  0    Dex: 14    Spells: 5/6 levels left

rFire   . . .        Y - +1 sling
rCold   . . .        (no shield)
rNeg    . . .        b - +0 leather armour
rPois   .            (helmet restricted)
rElec   .            (no cloak)
rCorr   .            (no gloves)
SInv    .            f - +0 pair of boots
Will    .....        d - amulet of regeneration
Stlth   +            (no ring)
HPRegen 1.07/turn    (no ring)
MPRegen 0.09/turn

%: no passive effects
@: lethally poisoned (-1 -> -4)
A: horns 2, retaliatory headbutt, strong 1, MP-powered wands
a: no special abilities


You were on level 4 of the Dungeon.
You visited 1 branch of the dungeon, and saw 4 of its levels.

You collected 163 gold pieces.


Innate Abilities, Weirdness & Mutations

You have a pair of horns on your head.
You reflexively headbutt those who attack you in melee.
Your muscles are strong. (Str +4, Int/Dex -1)
You expend magic power (3 MP) to strengthen your wands.


   Skills:
 - Level 3.3 Fighting
 - Level 6.2 Ranged Weapons
 + Level 0.0 Armour
 - Level 2.1 Dodging
 - Level 1.0 Spellcasting
 - Level 2.0 Hexes


You had 5 spell levels left.
You knew the following spells:

 Your Spells              Type           Power      Damage    Failure   Level
a - Slow                  Hex            16%        N/A       21%         1

Your spell library contained the following spells:

 Spells                   Type           Power      Damage    Failure   Level
 Inner Flame              Hex/Fire       2%         N/A       65%         3
 Portal Projectile        Hex/Tloc       4%         N/A       65%         3
 Cause Fear               Hex            2%         N/A       89%         4

Inventory:

Hand Weapons
 Y - a +1 sling (weapon)
Armour
 b - a +0 leather armour (worn)
 f - a +0 pair of boots (worn)
Jewellery
 d - an amulet of regeneration (around neck)
Scrolls
 c - a scroll of identify
Potions
 e - a potion of mutation
 g - a potion of curing {unknown}
 h - a potion of might
 i - a potion of heal wounds {unknown}
 j - a potion of haste {unknown}
 k - a potion of lignification {unknown}
 l - a potion of brilliance {unknown}
 m - a potion of cancellation {unknown}
 o - a potion of invisibility {unknown}
 p - a potion of resistance {unknown}

Dungeon Overview and Level Annotations

Branches:
Dungeon (4/15)
 Temple: D:4-7

Altars:
Sif Muna
Xom

Annotations:
D:3 1 runed translucent door, Crazy Yiuf


Message History

The sling bullet closely misses the water moccasin.
The sling bullet closely misses the phantom.
You feel sick.
The water moccasin bites you but does no damage.
The water moccasin barely misses you.
You shoot a sling bullet.
The sling bullet hits the water moccasin but does no damage.
You feel sick.
The water moccasin bites you but does no damage.
You shoot a sling bullet.
The sling bullet hits the water moccasin.
The water moccasin is lightly wounded.
You feel sick. The water moccasin bites you.
The water moccasin completely misses you.
You furiously retaliate!
You headbutt the water moccasin! You shoot a sling bullet.
The sling bullet completely misses the water moccasin.
The sling bullet hits the phantom.
The phantom is moderately damaged.
You feel sick.
The water moccasin bites you but does no damage.
You shoot a sling bullet.
The sling bullet hits the water moccasin.
The water moccasin is heavily wounded.
You feel sick. The water moccasin bites you. The water moccasin bites you!
You are more poisoned.
The water moccasin poisons you!
You shoot a sling bullet.
The sling bullet misses the water moccasin.
The sling bullet hits the phantom.
The phantom is moderately damaged.
You feel very sick. The water moccasin bites you.
You shoot a sling bullet.
The sling bullet misses the water moccasin.
The sling bullet hits the phantom.
The phantom is moderately damaged.
You feel very sick. The water moccasin bites you!
You die...

#. ###'### #..%..#
#.....# #.....#
#.....#
######.7.7.###### #.
#......7.7......#
#...##....777.777....#
#..)WS@..............+
#..###....777.777....#
#...)..7.7......#
######.7.7.######
#.....# #.....#
#.....# #.....#
###+###


You could see a water moccasin and a phantom.

Vanquished Creatures
  A scorpion (D:4)
  2 orc wizards (D:3)
  8 adders
  A worm (D:2)
  A dart slug (D:1)
  4 orcs (D:3)
  4 endoplasms
  2 giant cockroaches (D:2)
  5 goblins
  11 hobgoblins
  6 jackals
  2 kobolds
  3 quokkas
  2 ball pythons
  4 bats
  8 frilled lizards
  6 rats
70 creatures vanquished.

Notes
Turn   | Place    | Note
-------+----------+-------------------------------------------
     0 | D:1      | qw the Minotaur Hexslinger began the quest for the Orb.
     0 | D:1      | Reached XP level 1. HP: 16/16 MP: 1/1
     0 | D:1      | 0 ||| qw: Version: 0.3-a-52-g30416fa
     0 | D:1      | 0 ||| qw: Game counter: 6913
     0 | D:1      | 0 ||| qw: Melee chars always use a shield: true
     0 | D:1      | 0 ||| qw: God list: Okawaru
     0 | D:1      | 0 ||| qw: Allow faded altars: false
     0 | D:1      | 0 ||| qw: Do Orc after clearing Dungeon:15 true
     0 | D:1      | 0 ||| qw: Do second Lair branch before Depths: true
     0 | D:1      | 0 ||| qw: Lair rune preference: random
     0 | D:1      | 0 ||| qw: Goals: Normal
     0 | D:1      | 0 ||| PLANNING D:1-11
   237 | D:1      | Reached skill level 3 in Ranged Weapons
   237 | D:1      | Reached XP level 2. HP: 23/23 MP: 2/2
   649 | D:1      | 649 ||| UPGRADING to +0 pair of boots.
   654 | D:1      | 654 ||| READING scroll labelled DISEOPOTUI.
   655 | D:1      | 655 ||| READING 2 scrolls labelled GOPRAY CA CITO.
   656 | D:1      | 656 ||| DROPPING scroll of poison.
   657 | D:1      | 657 ||| DROPPING scroll of blinking.
   692 | D:2      | Reached XP level 3. HP: 26/29 MP: 3/3
  1026 | D:2      | Reached skill level 4 in Ranged Weapons
  1056 | D:2      | Reached XP level 4. HP: 36/36 MP: 4/4
  1522 | D:2      | 1522 ||| UPGRADING to +0 leather armour.
  1532 | D:2      | 1532 ||| DROPPING +0 robe.
  1533 | D:2      | 1533 ||| UPGRADING to amulet of regeneration.
  1538 | D:2      | 1538 ||| READING scroll labelled UDIYD FIREH.
  1539 | D:2      | 1539 ||| READING 2 scrolls labelled ZESHUSUNOU.
  1540 | D:2      | 1540 ||| DRINKING 2 brown potions.
  1541 | D:2      | 1541 ||| DROPPING scroll of fog.
  1593 | D:3      | Found a shimmering altar of Xom.
  1679 | D:3      | Found a shimmering blue altar of Sif Muna.
  1754 | D:3      | Reached skill level 5 in Ranged Weapons
  2108 | D:3      | Reached skill level 3 in Fighting
  2108 | D:3      | Reached XP level 5. HP: 30/45 MP: 5/5
  2115 | D:3      | 2115 ||| FLEEEEING.
  2116 | D:3      | 2116 ||| FLEEEEING.
  2421 | D:3      | Found a runed translucent door.
  2422 | D:3      | Noticed Crazy Yiuf
  2500 | D:3      | 2500 ||| READING scroll labelled BYIJIS NAROIRO.
  2525 | D:3      | 2525 ||| READING scroll labelled ILIAPS LIMIXE.
  2526 | D:3      | 2526 ||| DRINKING 2 bubbling dark potions.
  2526 | D:3      | Gained mutation: You expend magic power (3 MP) to
                  | strengthen your wands. [potion of mutation]
  2526 | D:3      | Gained mutation: Your muscles are strong. (Str +4, Int/Dex
                  | -1) [potion of mutation]
  2602 | D:4      | Reached skill level 6 in Ranged Weapons
  2633 | D:4      | Noticed a water moccasin
  2635 | D:4      | Noticed a phantom
  2645 | D:4      | HP: 10/45 [water moccasin (3)]
  2646 | D:4      | Slain by a water moccasin

Levels and vault maps discovered:
D:1:      minmay_arrival_wavy_path, layout_basic
D:2:      layout_loops_corners
D:3:      layout_basic, xom_butterflies, mainiacjoe_overflow_alcove_4,
          dk_vineyard_2, minmay_shallow_snake_nest, uniq_crazy_yiuf_cottage
D:4:      layout_loops_cross, mainiacjoe_overflow_alcove_1,
          minmay_temple_entry_statues_fountains, kennysheep_minor_cross,
          nicolae_stop_n_shop_2, grunt_decor_junction, uniq_natasha, uniq_robin

Skill      XL: |  1  2  3  4  5 |
---------------+----------------+-----
Ranged Weapons | 3 4 5 6 |  6.2
Fighting       | 2 3 |  3.3
Dodging        | |  2.1
Spellcasting   | |  1.0
Hexes          | |  2.0

Action                     |  1- 3 |  4- 6 || total
---------------------------+-------+-------++-------
   Fire: Sling             |   112 |   119 ||   231
    Use: Scroll            |     2 |     4 ||     6
         Potion            |       |     2 ||     2
 Armour: Robe              |    14 |       ||    14
         Leather armour    |       |    19 ||    19
  Dodge: Dodged            |    49 |    35 ||    84

Table legend:
 A = Non-vault XP
 B = Vault XP
 C = Vault XP percentage of total XP
 D = Non-vault monster count
 E = Vault monster count
 F = Vault count percentage of total count
                 A         B        C        D         E       F
            +---------+---------+-------+---------+---------+-------
      Total |     354 |      13 |   3.5 |      69 |       1 |   1.4
            +---------+---------+-------+---------+---------+-------
        D:1 |      30 |       0 |   0.0 |      17 |       0 |   0.0
        D:2 |      76 |       0 |   0.0 |      24 |       0 |   0.0
        D:3 |     147 |      13 |   8.1 |      24 |       1 |   4.0
        D:4 |     101 |       0 |   0.0 |       4 |       0 |   0.0
            +---------+---------+-------+---------+---------+-------
